 Dungeon Crawl Stone Soup version 0.15-a0-1119-g9b3a599 (webtiles) character file.

40 Amnesiac the Cudgeler (level 3, 0/31 HPs)
             Began as an Ogre Enchanter on May 28, 2014.
             Succumbed to an adder's poison
             ... on Level 2 of the Dungeon.
             The game lasted 00:03:48 (1020 turns).

Amnesiac the Cudgeler (Ogre Enchanter)              Turns: 1020, Time: 00:03:48

HP   0/31        AC  6     Str 13      XL: 3   Next: 50%
MP   3/6         EV 15     Int 20      God:
Gold 34          SH  0     Dex 15      Spells:  2 memorised,  3 levels left

rFire  . . .     SeeInvis .     a - +1 club
rCold  . . .     Clarity  .     b - +1 robe
rNeg   . . .     rCorr    .     (shield restricted)
rPois  .         rRot     .     k - +2 hat
rElec  .         Spirit   .     (no cloak)
SustAb .         Warding  .     (gloves unavailable)
rMut   .         Stasis   .     (boots unavailable)
Gourm  .                        (no amulet)
MR     .....                    (no ring)
                                (no ring)

@: brilliant, agile, lethally poisoned, not resistant to hostile enchantments,
fairly stealthy
A: unfitting armour, tough skin 1
a: no special abilities


You were on level 2 of the Dungeon.
You were very hungry.

You visited 1 branch of the dungeon, and saw 3 of its levels.

You collected 34 gold pieces.

Inventory:

Hand weapons
 a - a +1,+1 club (weapon)
 h - a +0,+0 dagger of freezing
 i - a +1,+1 mace
Missiles
 d - 12 darts (quivered)
Armour
 b - a +1 robe (worn)
 k - a +2 hat (worn)
Comestibles
 f - 2 meat rations
Scrolls
 g - a scroll of identify {unknown}
 l - a scroll of magic mapping {unknown}
Books
 c - a book of Maledictions

   Spells                             Type                      Level
   *Corona                            Hexes                        1
   Sure Blade                         Hexes/Charms                 2
   Ensorcelled Hibernation            Hexes/Ice                    2
   Confuse                            Hexes                        3
   *Dazzling Spray                    Conjuration/Hexes            3
   Enslavement                        Hexes                        4


   Skills:
 - Level 4.0 Maces & Flails
 - Level 1.1 Throwing
 - Level 1.7 Dodging
 - Level 1.5 Stealth
 - Level 2.5 Spellcasting
 + Level 0.5 Conjurations
 - Level 2.1 Hexes


You had 3 spell levels left.
You knew the following spells:

 Your Spells              Type           Power        Failure   Level  Hunger
a - Corona                Hex            ###....      1%          1    None
e - Dazzling Spray        Conj/Hex       ###.....     3%          3    ###....


Dungeon Overview and Level Annotations

Branches:
Dungeon (3/15)

Altars:
Nemelex Xobeh

Annotations:
D:2 Purgy
D:3 Terence


Innate Abilities, Weirdness & Mutations

You are too large for most types of armour.
You have tough skin (AC +1).


Message History

The bat completely misses you. The adder bites you.
* * * LOW HITPOINT WARNING * * *
Drink which item? (? for menu, Esc to quit)
You feel clever all of a sudden.
It was a potion of brilliance.
The bat misses you. The adder bites you but does no damage.
Drink which item? (? for menu, Esc to quit)
Magic courses through your body.
It was a potion of magic.
* * * LOW HITPOINT WARNING * * *
You feel sick. The adder barely misses you.
The adder bites you but does no damage.
Casting: Dazzling Spray
Confirm with . or Enter, or press ? or * to list all spells.
Aiming: Dazzling Spray
Press: ? - help, Shift-Dir - straight line, f/p - Purgy
Aim: Purgy The spray of energy hits the adder.
You kill the adder!
The bat closely misses you.
You die...

#.# . ... #.# ...
..... #[#
..####..... #.#
.....#.... #.#
#.##.#... #.# #.#
(..# #b# #.###..#
#.# #......# #@#
#..##..# #.#
#T####.#########s#
..# #.......T.Ts##
..# ##.........%..#
#.###....)........#
.>.##.............#
....#.⌠)⌠..?......+
....#.._..........#


You could see Purgy, 2 giant cockroaches and a bat.

Vanquished Creatures
  2 adders (D:2)
  An orc (D:2)
  A giant cockroach (D:1)
  3 goblins (D:1)
  3 hobgoblins (D:1)
  4 bats (D:1)
  A giant newt (D:1)
  3 kobolds
  5 rats
23 creatures vanquished.

Vanquished Creatures (others)
  5 toadstools (D:1)
5 creatures vanquished.

Grand Total: 28 creatures vanquished

Notes
Turn   | Place    | Note
--------------------------------------------------------------
     0 | D:1      | Amnesiac, the Ogre Enchanter, began the quest for the Orb.
     0 | D:1      | Reached XP level 1. HP: 16/16 MP: 3/3
   174 | D:1      | Reached XP level 2. HP: 7/24 MP: 5/5
   425 | D:2      | Reached skill level 3 in Maces & Flails
   451 | D:2      | HP: 1/24 [poisoned by an adder]
   769 | D:1      | Reached XP level 3. HP: 31/31 MP: 6/6
   836 | D:1      | Reached skill level 4 in Maces & Flails
   842 | D:1      | Learned a level 3 spell: Dazzling Spray
   877 | D:3      | Noticed Terence
   935 | D:3      | Noticed Purgy
   988 | D:2      | Found a sparkling altar of Nemelex Xobeh.
  1018 | D:2      | HP: 1/31 [poisoned by an adder]
  1020 | D:2      | Succumbed to an adder's poison

Action                   || total
-------------------------++-------
Melee: Club              ||   109
 Cast: Corona            ||    10
       Dazzling Spray    ||     3
  Use: Potion            ||     5
 Stab: Sleeping          ||     1
